 Dungeon Crawl Stone Soup version 0.30.0-5-g1a98f26d00 (webtiles) character file.

Game seed: 5765318310134785060

8327 Cheops the Destroyer (level 11, -1/82 HPs)
             Began as a Grey Draconian Air Elementalist on May 11, 2023.
             Was a High Priest of Fedhas.
             Slain by a yak (5 damage)
             ... on level 10 of the Dungeon.
             The game lasted 01:02:50 (12666 turns).

Cheops the Destroyer (DrAE)                        Turns: 12666, Time: 01:02:52

Health: -1/82      AC: 22    Str: 11    XL:     11   Next: 8%
Magic:  18/18      EV: 12    Int: 19    God:    Fedhas [*****.]
Gold:   445        SH:  0    Dex: 12    Spells: 2/20 levels left

rFire   . . .        a - staff of conjuration
rCold   . . .        (no shield)
rNeg    . . .        (body armour unavailable)
rPois   .            (helmet restricted)
rElec   .            v - +2 cloak
rCorr   .            G - +0 pair of gloves
SInv    +            D - +0 pair of boots
Will    .....        x - amulet of magic regeneration
Stlth   ++           j - ring of see invisible
HPRegen 0.33/turn    (no ring)
MPRegen 0.56/turn

%: no passive effects
@: ice-armoured (expiring)
A: AC +12, amphibious, unfitting armour, cold-blooded
a: Renounce Religion, Wall of Briars, Grow Ballistomycete, Overgrow, Grow Oklob


You were on level 10 of the Dungeon.
You worshipped Fedhas.
Fedhas was extremely pleased with you.
You visited 1 branch of the dungeon, and saw 10 of its levels.

You collected 604 gold pieces.
You spent 159 gold pieces at shops.

Inventory:

Armour
 v - a +2 cloak (worn)
 D - a +0 pair of boots (worn)
 G - a +0 pair of gloves (worn)
Magical Staves
 a - a staff of conjuration (weapon)
 b - a staff of poison
 c - a staff of death
Jewellery
 j - a ring of see invisible (left hand)
 o - an amulet of regeneration
 u - an amulet of reflection
 x - an amulet of magic regeneration (around neck)
Wands
 n - a wand of roots (13)
 s - a wand of polymorph (8)
 z - a wand of mindburst (17)
 B - a wand of flame (69)
 F - a wand of charming (11)
Scrolls
 d - a scroll of magic mapping
 f - a scroll of fog
 g - 2 scrolls of amnesia
 k - a scroll of blinking
 r - 3 scrolls of enchant armour
 t - 2 scrolls of immolation
 w - 2 scrolls of brand weapon
 y - a scroll of poison
 E - a scroll of silence
 H - 2 scrolls of teleportation
 I - a scroll of fear
Potions
 e - 4 potions of magic
 h - 3 potions of flight
 i - a potion of haste {unknown}
 l - a potion of brilliance {unknown}
 m - a potion of mutation
 p - a potion of ambrosia {unknown}
 q - a potion of invisibility
 A - 2 potions of heal wounds
 C - a potion of might
 J - a potion of curing
 S - 3 potions of lignification {unknown}


   Skills:
 - Level 3.0 Fighting
 + Level 5.2 Staves
 - Level 2.1 Dodging
 - Level 2.2 Stealth
 - Level 5.0 Spellcasting
 - Level 8.0 Conjurations
 - Level 2.0 Hexes
 - Level 2.0 Necromancy
 - Level 2.0 Ice Magic
 - Level 8.0 Air Magic
 - Level 7.0 Invocations
 + Level 5.2 Evocations


You had 2 spell levels left.
You knew the following spells:

 Your Spells              Type           Power      Damage    Failure   Level
a - Shock                 Conj/Air       100%       1d9       1%          1
b - Sublimation of Blood  Necr           12%        N/A       9%          2
d - Static Discharge      Conj/Air       100%       2-7/arc   1%          2
f - Dazzling Flash        Conj/Hex       70%        N/A       4%          3
s - Airstrike             Air            17%        2d(3-19)  4%          4
A - Ozocubu's Armour      Ice            12%        N/A       16%         3
S - Swiftness             Air            35%        N/A       1%          3

Your spell library contained the following spells:

 Spells                   Type           Power      Damage    Failure   Level
 Magic Dart               Conj           100%       1d8       1%          1
 Searing Ray              Conj           100%       2d8       1%          2
 Slow                     Hex            48%        N/A       5%          1
 Wereblood                Tmut           4%         N/A       19%         2
 Confusing Touch          Hex            12%        N/A       16%         3
 Vampiric Draining        Necr           12%        2d6       16%         3
 Fulminant Prism          Conj/Hex       17%        3d10      16%         4
 Silence                  Hex/Air        11%        N/A       41%         5
 Agony                    Necr           12%        N/A       83%         5
 Metabolic Englaciation   Hex/Ice        6%         N/A       83%         5
 Simulacrum               Ice/Necr       6%         N/A       100%        6
 Summon Hydra             Summ           2%         N/A       100%        7


Dungeon Overview and Level Annotations

Branches:
Dungeon (10/15)            Temple (0/1) D:6
   Lair: D:8-11         Orc: D:9-12

Altars:
Dithmenos
Fedhas
Okawaru
Ru
Trog
Uskayaw
Yredelemnul

Shops:
D:2 ?   D:5 (


Innate Abilities, Weirdness & Mutations

Your dull iron-grey scales are very hard. (AC +12)
You are amphibious.
You cannot fit into any form of body armour.
You are cold-blooded and may be slowed by cold attacks.


Message History

You hit the yak.
You blast the yak.
The yak is moderately wounded.
The yak gores you but does no damage.
You hit the yak.
The yak is moderately wounded.
The yak misses you.
You hit the yak.
The yak is moderately wounded.
The yak gores you but does no damage.
You completely miss the yak.
Your tail-slap misses the yak.
The yak is moderately wounded.
The yak gores you!
* * * LOW HITPOINT WARNING * * *
You barely miss the yak.
The yak is moderately wounded.
The yak gores you.
* * * LOW HITPOINT WARNING * * *
You hit the yak but do no damage.
You blast the yak.
The yak is moderately wounded.
The yak barely misses you.
You hit the yak but do no damage.
You blast the yak.
The yak is heavily wounded.
The yak completely misses you.
You hit the yak but do no damage.
The yak is heavily wounded.
The yak gores you but does no damage.
You hit the yak but do no damage.
You blast the yak.
The yak is severely wounded.
The yak gores you but does no damage.
You barely miss the yak.
Your tail-slap misses the yak.
The yak is severely wounded.
Your icy armour starts to melt.
You hit the yak but do no damage.
The yak is severely wounded.
The yak gores you but does no damage.
You hit the yak.
The yak is severely wounded.
The yak gores you.
You die...
Fedhas appreciates your contribution to the ecosystem.

....## .....## ....##
##.......
#.$###<.......
#......#....#
#..........## #
#.?........# #.#
##.......[.##
#...####.......#.©#.
#...†@Y......###..#.#
#...###)#....# ..###
..... #........# ..
...> #......#...# ##.
.Y...#.#...... #.
.Y.#.##.#.###.. .
.Y..... ....# ## ....
.. ..# #...### $#


You could see a yak.

Vanquished Creatures
  A two-headed ogre (D:9)
  Maurice (D:9)
  Maggie (D:6)
  Psyche (D:9)
  A troll (D:8)
  Grinder (D:6)
  2 wraiths (D:9)
  A wyvern (D:8)
  21 yaks
  An acid dragon (D:9)
  An orc warrior (D:6)
  A sky beast (D:7)
  2 ice beasts
  2 black bears (D:6)
  3 centaurs
  2 kobold brigands
  5 bullfrogs
  A scorpion (D:6)
  4 wights (D:9)
  5 killer bees (D:9)
  An electric eel (D:7)
  8 howler monkeys
  2 hounds (D:5)
  2 jellies
  4 orc priests
  4 iguanas
  10 orc wizards
  3 gnolls (D:4)
  8 adders
  3 shadow imps
  2 worms (D:2)
  2 dart slugs
  22 orcs
  12 ball pythons
  9 bats
  11 endoplasms
  3 giant cockroaches
  13 goblins
  17 hobgoblins
  4 quokkas
  2 frilled lizards (D:3)
  7 kobolds
  6 rats
212 creatures vanquished.

Notes
Turn   | Place    | Note
-------+----------+-------------------------------------------
     0 | D:1      | Cheops the Draconian Air Elementalist began the quest for
                  | the Orb.
     0 | D:1      | Reached XP level 1. HP: 14/14 MP: 3/3
    78 | D:1      | Reached XP level 2. HP: 14/20 MP: 1/5
   605 | D:1      | Found a faded altar of an unknown god.
   624 | D:1      | Reached XP level 3. HP: 26/26 MP: 4/6
  1000 | D:1      | Prayed at the altar of an unknown god.
  1000 | D:1      | Became a worshipper of Fedhas Madash
  1000 | D:1      | Reached * piety under Fedhas
  1027 | D:2      | Found Giguoh's Magic Scroll Emporium.
  1922 | D:2      | Reached XP level 4. HP: 32/33 MP: 4/7
  2323 | D:2      | Reached ** piety under Fedhas
  2327 | D:2      | Learned a level 2 spell: Static Discharge
  2656 | D:2      | Bought a scroll of identify for 20 gold pieces
  2656 | D:2      | Bought a scroll of noise for 10 gold pieces
  2663 | D:2      | Learned a level 3 spell: Swiftness
  3010 | D:3      | Reached XP level 5. HP: 38/38 MP: 0/8
  4648 | D:4      | Reached *** piety under Fedhas
  4977 | D:4      | Found Biraozya's CLEARANCE SALE!.
  4984 | D:4      | Bought a potion of degeneration for 5 gold pieces
  4984 | D:4      | Bought a potion of invisibility for 40 gold pieces
  4984 | D:4      | Bought a wand of roots (7) for 84 gold pieces
  5661 | D:5      | Entered Level 5 of the Dungeon
  5722 | D:5      | Reached skill level 1 in Staves
  5722 | D:5      | Reached XP level 6. HP: 19/45 MP: 0/10
  5929 | D:5      | Found a basalt altar of Yredelemnul.
  5944 | D:5      | Reached skill level 1 in Evocations
  6025 | D:5      | Learned a level 4 spell: Airstrike
  6351 | D:5      | Reached skill level 5 in Air Magic
  6507 | D:5      | Found Hoec Coe's Weapon Emporium.
  6694 | D:6      | Your scales start taking on a dull iron-grey colour.
  6694 | D:6      | Reached XP level 7. HP: 33/50 MP: 4/11
  6911 | D:6      | Noticed Grinder
  6913 | D:6      | Paralysed by Grinder for 3 turns
  6931 | D:6      | Noticed Maggie
  6942 | D:6      | Killed Grinder
  6943 | D:6      | Reached skill level 5 in Air Magic
  7211 | D:6      | Reached XP level 8. HP: 55/57 MP: 11/14
  7249 | D:6      | Found a hide-covered altar of Uskayaw.
  7336 | D:6      | Reached **** piety under Fedhas
  7388 | D:6      | Found a staircase to the Ecumenical Temple.
  7417 | D:6      | Killed Maggie
  7521 | D:6      | Reached skill level 5 in Spellcasting
  7842 | D:6      | Reached skill level 5 in Conjurations
  8053 | D:6      | Learned a level 3 spell: Ozocubu's Armour
  8071 | D:7      | Learned a level 3 spell: Dazzling Flash
  8239 | D:7      | Reached skill level 1 in Ice Magic
  8442 | D:7      | Reached skill level 1 in Hexes
  8442 | D:7      | Reached XP level 9. HP: 48/62 MP: 11/16
  8972 | D:7      | Found a bloodstained altar of Trog.
  9216 | D:7      | Learned a level 2 spell: Sublimation of Blood
  9546 | D:8      | Found a sacrificial altar of Ru.
  9708 | D:8      | Reached skill level 1 in Invocations
 10053 | D:8      | Found a shadowy altar of Dithmenos.
 10290 | D:8      | Reached skill level 5 in Invocations
 10728 | D:9      | Noticed a troll
 10740 | D:8      | Killed a troll
 10741 | D:8      | Reached XP level 10. HP: 35/69 MP: 2/17
 11093 | D:9      | Noticed Maurice
 11109 | D:9      | Killed Maurice
 11109 | D:9      | Reached ***** piety under Fedhas
 11302 | D:9      | Noticed a two-headed ogre
 11322 | D:9      | Killed a two-headed ogre
 11453 | D:9      | Found an iron altar of Okawaru.
 11498 | D:9      | Reached skill level 5 in Staves
 11498 | D:9      | Reached skill level 5 in Evocations
 11498 | D:9      | Reached skill level 1 in Fighting
 11800 | D:9      | Noticed Psyche
 12098 | D:9      | Found an iron altar of Okawaru.
 12158 | D:9      | Killed Psyche
 12467 | D:10     | Entered Level 10 of the Dungeon
 12613 | D:10     | Reached XP level 11. HP: 73/82 MP: 18/18
 12658 | D:10     | HP: 3/82 [yak (12)]
 12666 | D:10     | Slain by a yak

Illustrated notes

Levels and vault maps discovered:
D:1:      lemuel_arrival_lava_pool, layout_rooms,
          chequers_ecumenical_altar_simple, st_stairs_3
D:2:      minmay_razor_zed, layout_loops_corners, serial_shops,
          nicolae_shop_tiny_glass, guppyfry_early_orc_mine
D:3:      layout_basic
D:4:      corexii_shack_village, layout_layer_cave, minmay_misc_feat_diagonals,
          minmay_misc_feat_rows, serial_park_tiny_pond, nicolae_shop_clearance
D:5:      layout_basic, mainiacjoe_overflow_concentric_impassable, serial_shops,
          kennysheep_little_box
D:6:      layout_cave_pods, kennysheep_mini, minmay_temple_entry_stoned_glass,
          moated_statue, uniq_maggie, uniq_grinder
D:7:      layout_cave_pods, mainiacjoe_overflow_brackets, chequers_big_river
D:8:      layout_basic, marbit_many_paths, nicolae_overflow_crystal_walls,
          dreamdust_wishing_well, hangedman_abyss_or_decor_slice,
          hangedman_decor_peaks_small, minmay_door_square,
          minmay_gold_behind_fungi
D:9:      layout_roguey, kennysheep_okawaru_gauntlet, grunt_ministairs_3,
          uniq_maurice, uniq_psyche
D:10:     layout_rooms, orc_0_dummy, gammafunk_ghost_abyssal_escape

Skill      XL: |  1  2  3  4  5  6  7  8  9 10 11 |
---------------+----------------------------------+-----
Stealth        | 2 |  2.2
Dodging        | 2 |  2.1
Conjurations   | 2 3 4 6 8 |  8.0
Air Magic      | 4 4 5 6 7 8 |  8.0
Spellcasting   | 3 4 5 |  5.0
Staves         | 1 2 3 4 5 |  5.2
Evocations     | 2 3 5 |  5.2
Ice Magic      | 2 |  2.0
Hexes          | 1 2 |  2.0
Necromancy     | 2 |  2.0
Invocations    | 7 |  7.0
Fighting       | 3 |  3.0

Action                     |  1- 3 |  4- 6 |  7- 9 | 10-12 || total
---------------------------+-------+-------+-------+-------++-------
  Melee: Unarmed           |     1 |       |       |       ||     1
         Dagger            |     9 |     3 |       |       ||    12
         Tailslap          |     1 |     2 |    16 |     9 ||    28
         Punch             |     1 |     1 |     1 |     2 ||     5
         Staff             |       |    17 |    78 |    74 ||   169
   Cast: Shock             |    76 |    90 |    45 |    40 ||   251
         Static Discharge  |       |    28 |    62 |    30 ||   120
         Airstrike         |       |       |    14 |    20 ||    34
         Ozocubu's Armour  |       |       |     1 |     3 ||     4
         Swiftness         |       |       |     1 |       ||     1
    Use: Scroll            |       |     5 |    10 |     1 ||    16
         Potion            |       |       |     5 |       ||     5
 Armour: Skin              |    20 |    24 |   119 |    69 ||   232
  Dodge: Dodged            |    33 |    49 |   118 |    60 ||   260
  Block: Other             |       |       |     1 |       ||     1
